 Dungeon Crawl Stone Soup version 0.23-a0-175-g97aacdb306 (webtiles) character file.

53 ICC the Insei (level 3, -7/20 HPs)
             Began as a Vine Stalker Chaos Knight on Sept 16, 2018.
             Mangled by Sigmund
             ... wielding a +0 scythe
              (9 damage)
             ... on level 2 of the Dungeon.
             The game lasted 00:04:31 (1452 turns).

ICC the Insei (Vine Stalker Chaos Knight)           Turns: 1452, Time: 00:04:32

Health: -7/20      AC:  5    Str: 14    XL:     3   Next: 87%
Magic:  0/4        EV: 16    Int: 12    God:    Xom [..*...]
Gold:   74         SH:  0    Dex: 19    Spells: 3/3 levels left

rFire    + . .     SeeInvis .     - Unarmed
rCold    + . .     Gourm    .   (no shield)
rNeg     . . .     Faith    .   a - +2 leather armour
rPois    +         Spirit   +   (no helmet)
rElec    +         Reflect  .   (no cloak)
rCorr    +         Harm     .   (no gloves)
MR       .....                  (no boots)
Stlth    ++........             (no amulet)
HPRegen  0.06/turn              (no ring)
MPRegen  0.09/turn              (no ring)

@: agile, resistant
A: fangs 2, magic shield, antimagic bite, no potion heal 3, rot immunity
a: Renounce Religion


You were on level 2 of the Dungeon.
You worshipped Xom.
You were a toy of Xom.
You were hungry.

You visited 1 branch of the dungeon, and saw 2 of its levels.

You collected 74 gold pieces.

Inventory:

Armour
 a - a +2 leather armour (worn)
Scrolls
 c - 2 scrolls of amnesia {unknown}
 e - a scroll of remove curse {unknown}
 g - a scroll of identify {unknown}
 h - a scroll of enchant weapon {unknown}
Potions
 d - a potion of curing
Comestibles
 b - 3 rations


   Skills:
 - Level 3.0 Fighting
 - Level 1.5 Armour
 - Level 1.0 Dodging
 + Level 4.2 Unarmed Combat
 + Level 0.5 Spellcasting


You had 3 spell levels left.
You didn't know any spells.
Your spell library was empty.

Dungeon Overview and Level Annotations

Branches:
Dungeon (2/15)

Altars:

Annotations:
D:2 Sigmund


Innate Abilities, Weirdness & Mutations

You have extremely sharp teeth.
When hurt, damage is shared between your health and your magic reserves.
Your bite disrupts and absorbs the magic of your enemies.
Potions cannot restore your health.
You are immune to rotting.


Message History

* * * LOW HITPOINT WARNING * * *
It was a potion of agility.
You feel agile all of a sudden.
Xom thinks this is hilarious!
Something hits you.
* * * LOW HITPOINT WARNING * * *
It was a potion of resistance.
You feel protected.
Xom roars with laughter!
You miss something. Your bite misses something. Something barely misses you.
You hit something. You bite something. Something hits you but does no damage.
You closely miss something. You bite something. You drain its magic.
You feel invigorated.
You closely miss something. You bite something. You drain its magic.
You feel invigorated. Something hits you.
You miss something. You hit something but do no damage. Something hits you.
* * * LOW HITPOINT WARNING * * *
You completely miss something. You bite something. Something hits you!
You die...

#...# #...#.............
..?.. ###...####........
.... .................. ...
.....#####....... ...
..###..#####..[....
#......@.....#.####
####...######...#
#####...### ###.#
##.@{......### #.#
...#####..###..##...####.##
.........## #..####.#......
..######## #...# #........
##..# ###...... ####
#######


There were no monsters in sight!

Vanquished Creatures
  An adder (D:2)
  2 oozes
  A worm (D:2)
  3 leopard geckos (D:1)
  2 giant cockroaches (D:1)
  4 goblins (D:1)
  2 hobgoblins (D:1)
  3 jackals (D:1)
  3 kobolds (D:1)
  A quokka (D:2)
  4 frilled lizards (D:1)
  4 rats (D:1)
30 creatures vanquished.

Notes
Turn   | Place    | Note
-------+----------+-------------------------------------------
     0 | D:1      | ICC the Vine Stalker Chaos Knight began the quest for the
                  | Orb.
     0 | D:1      | Reached XP level 1. HP: 11/11 MP: 2/2
    91 | D:1      | Reached skill level 1 in Dodging
   185 | D:1      | Reached XP level 2. HP: 10/16 MP: 1/3
   237 | D:1      | XOM: divination: detect creatures
   411 | D:1      | XOM: harmless Erth miscast
   453 | D:1      | Reached XP level 3. HP: 17/20 MP: 2/4
   544 | D:1      | You fall through a shaft!
   559 | D:2      | Reached skill level 4 in Unarmed Combat
  1103 | D:2      | XOM: mild Tmut miscast
  1105 | D:2      | Noticed Sigmund
  1452 | D:2      | Mangled by Sigmund

Vault maps used:
D:1:      dpeg_arrival_signposts, minivault_23
D:2:      minmay_misc_feat_hallway, uniq_robin, uniq_sigmund, uniq_natasha

Skill      XL: |  1  2  3 |
---------------+----------+-----
Dodging        | 1 |  1.0
Fighting       | 3 |  3.0
Unarmed Combat | 4 |  4.2
Armour         | |  1.5
Spellcasting   | |  0.5

Action                   || total
-------------------------++-------
Melee: Unarmed           ||   104
       Bite              ||    24
       Punch             ||     1
  Use: Potion            ||     3
  Eat: Chunk             ||     1
Armor: Leather armour    ||    28
Dodge: Dodged            ||    40

Table legend:
 A = Non-vault XP
 B = Vault XP
 C = Vault XP percentage of total XP
 D = Non-vault monster count
 E = Vault monster count
 F = Vault count percentage of total count
                 A         B        C        D         E       F
            +---------+---------+-------+---------+---------+-------
      Total |      76 |       0 |   0.0 |      30 |       0 |   0.0
            +---------+---------+-------+---------+---------+-------
        D:1 |      49 |       0 |   0.0 |      26 |       0 |   0.0
        D:2 |      27 |       0 |   0.0 |       4 |       0 |   0.0
            +---------+---------+-------+---------+---------+-------
